 Dungeon Sprint DCSS version 0.28-a0-245-g639a1a48b9 (webtiles) character file.

Game seed: 6036352634263363025

1203 Burgietje the Cleaver (level 8, -4/91 HPs)
             Began as a Deep Dwarf Fighter on Aug 25, 2021.
             Was a Believer of Makhleb.
             Slain by a two-headed ogre (14 damage)
             ... in the Dungeon (Sprint IX: "|||||||||||||||||||||||||||||").
             The game lasted 00:01:39 (183 turns).

Burgietje the Cleaver (Deep Dwarf Fighter)           Turns: 183, Time: 00:01:39

Health: -4/91      AC: 12    Str: 22    XL:     8   Next: 21%
Magic:  7/7        EV:  7    Int: 12    God:    Makhleb [**....]
Gold:   0          SH:  8    Dex: 12    Spells: 7/7 levels left

rFire   . . .      SeeInvis .   n - +1 broad axe (vorpal)
rCold   . . .      Faith    .   c - +0 kite shield
rNeg    . . .      Spirit   .   q - +1 chain mail
rPois   .          Reflect  .   p - +0 helmet
rElec   .          Harm     .   (no cloak)
rCorr   .          Rampage  .   (no gloves)
Will    +....      NoTele   +   o - +0 pair of boots
Stlth   ..........              (no amulet)
HPRegen 0.00/turn               r - +3 ring of intelligence
MPRegen 0.10/turn               s - +2 ring of evasion

@: mighty
A: damage resistance, heal wounds, sense surroundings 1, no regeneration
a: Heal Wounds, Renounce Religion, Minor Destruction


You were in the Dungeon.
You worshipped Makhleb.
Makhleb was pleased with you.
You visited 1 branch

Inventory:

Hand Weapons
 a - a +0 war axe
 n - a +1 vorpal broad axe (weapon)
Armour
 b - a +0 scale mail
 c - a +0 kite shield (worn)
 o - a +0 pair of boots (worn)
 p - a +0 helmet (worn)
 q - a +1 chain mail (worn)
Jewellery
 r - a +3 ring of intelligence (left hand)
 s - a +2 ring of evasion (right hand)
Wands
 m - a wand of iceblast (10)
Scrolls
 j - 2 scrolls of blinking
 l - 2 scrolls of amnesia
Potions
 e - 5 potions of curing
 g - a potion of haste
 h - 4 potions of magic
 i - a potion of berserk rage
 k - a potion of invisibility


   Skills:
 + Level 11.9 Fighting
 + Level 13.7 Axes
 - Level 3.2 Armour
 - Level 3.2 Shields


You had 7 spell levels left.
You didn't know any spells.
Your spell library was empty.

Dungeon Overview and Level Annotations

Branches:
Dungeon (1/1)

Altars:
Cheibriados
Dithmenos
Elyvilon
Fedhas
Gozag
Hepliaklqana
Kikubaaqudgha
Makhleb
Nemelex Xobeh
Okawaru
Qazlal
Ru
Sif Muna
Trog
Uskayaw
Vehumet
Wu Jian
Xom
Yredelemnul
Zin
The Shining One
Beogh
Jiyva
Lugonu


Innate Abilities, Weirdness & Mutations

You are resistant to damage.
You can heal yourself by infusing magical energy.
You passively map a small area around you.
You do not regenerate.


Message History

The centaur warrior is almost dead.
The howler monkey hoots and howls with incredible vigour!
You block the centaur warrior's attack.
The centaur warrior kicks you but does no damage.
The centaur warrior hits you but does no damage.
The centaur warrior kicks you but does no damage.
You slice the centaur warrior!!
You kill the centaur warrior!
Makhleb accepts your kill.
You feel better.
The two-headed ogre hits you with a +0 giant club!!
* * * LOW HITPOINT WARNING * * *
The two-headed ogre closely misses you.
Your Fighting skill increases to level 11!
Your Axes skill gained 2 levels and is now at level 13!
You have reached level 8!
You feel stronger.
Okay, then.
You feel much better.
You feel much better. You block the two-headed ogre's attack.
The two-headed ogre hits you with a +0 giant spiked club.
You slash the two-headed ogre!
The two-headed ogre is moderately wounded.
The two-headed ogre completely misses you.
You block the two-headed ogre's attack.
You slash the two-headed ogre!
The two-headed ogre is moderately wounded.
The howler monkey hoots and howls with incredible vigour!
The two-headed ogre hits you with a +0 giant club!!
The two-headed ogre hits you with a +0 giant spiked club!
* * * LOW HITPOINT WARNING * * *
You slash the two-headed ogre!
The two-headed ogre is severely wounded.
The two-headed ogre barely misses you.
The two-headed ogre hits you with a +0 giant spiked club!
* * * LOW HITPOINT WARNING * * *
You completely miss the two-headed ogre.
The two-headed ogre is severely wounded.
The two-headed ogre hits you with a +0 giant club!
You die... , , + , * * ** ** * * , , * * * * ** * , , ** * ** , , , , ▓▓▓▓▓▓▓▓▓▓▓▓▓▓▓▓▓▓▓▓▓▓▓▓ ..)......').....@OJDh..+ , ▓▓▓▓▓▓▓▓▓▓▓▓▓▓▓▓▓▓▓▓▓▓▓▓*

You could see a slime creature, a two-headed ogre, an acid dragon and a howler monkey.

Vanquished Creatures
  A centaur warrior (D)
  A slime creature (D)
  A shadow (D)
  An ogre (D)
  A killer bee (D)
  A wight (D)
  An adder skeleton (D)
  A dart slug (D)
  An orc (D)
  A bat zombie (D)
  An endoplasm (D)
  A hobgoblin (D)
  A quokka (D)
  A ball python zombie (D)
  A giant cockroach zombie (D)
  A jackal zombie (D)
  A quokka zombie (D)
  A rat (D)
18 creatures vanquished.

Notes
Turn   | Place    | Note
-------+----------+-------------------------------------------
     0 | D        | Burgietje the Deep Dwarf Fighter began the quest for the
                  | Orb.
     0 | D        | Reached XP level 1. HP: 20/20 MP: 1/1
     7 | D        | Reached skill level 3 in Axes
    19 | D        | Noticed an ogre
    23 | D        | Killed an ogre
    24 | D        | Reached skill level 7 in Axes
    24 | D        | Reached XP level 2. HP: 12/33 MP: 2/2
    24 | D        | Reached XP level 3. HP: 15/40 MP: 3/3
    24 | D        | Reached XP level 4. HP: 18/48 MP: 4/4
    51 | D        | Found a snail-covered altar of Cheibriados.
    51 | D        | Found a shadowy altar of Dithmenos.
    51 | D        | Found a white marble altar of Elyvilon.
    51 | D        | Found a blossoming altar of Fedhas.
    51 | D        | Found an opulent altar of Gozag.
    52 | D        | Found a hazy altar of Hepliaklqana.
    53 | D        | Found a viscous altar of Jiyva.
    54 | D        | Found an ancient bone altar of Kikubaaqudgha.
    55 | D        | Found a corrupted altar of Lugonu.
    56 | D        | Found a burning altar of Makhleb.
    57 | D        | Found a sparkling altar of Nemelex Xobeh.
    58 | D        | Found an iron altar of Okawaru.
    59 | D        | Found a stormy altar of Qazlal.
    60 | D        | Found a sacrificial altar of Ru.
    61 | D        | Found a shimmering blue altar of Sif Muna.
    62 | D        | Found a bloodstained altar of Trog.
    63 | D        | Found a hide-covered altar of Uskayaw.
    64 | D        | Became a worshipper of Makhleb the Destroyer
    65 | D        | Found a radiant altar of Vehumet.
    66 | D        | Found an ornate altar of the Wu Jian Council.
    67 | D        | Found a shimmering altar of Xom.
    68 | D        | Found a basalt altar of Yredelemnul.
    69 | D        | Found a glowing silver altar of Zin.
    70 | D        | Found a glowing golden altar of the Shining One.
   126 | D        | Noticed a shadow
   129 | D        | Reached skill level 8 in Axes
   129 | D        | Reached XP level 5. HP: 47/57 MP: 5/5
   140 | D        | Killed a shadow
   141 | D        | Reached skill level 10 in Axes
   141 | D        | Reached XP level 6. HP: 16/68 MP: 6/6
   145 | D        | Reached * piety under Makhleb
   150 | D        | Reached ** piety under Makhleb
   165 | D        | Noticed a slime creature
   165 | D        | Noticed a centaur warrior
   165 | D        | Noticed a two-headed ogre
   165 | D        | Noticed a slime creature
   165 | D        | Noticed an acid dragon
   171 | D        | Killed a slime creature
   172 | D        | Reached skill level 10 in Fighting
   172 | D        | Reached skill level 11 in Axes
   172 | D        | Reached XP level 7. HP: 44/79 MP: 6/6
   177 | D        | Killed a centaur warrior
   178 | D        | Reached skill level 13 in Axes
   178 | D        | Reached XP level 8. HP: 7/91 MP: 7/7
   183 | D        | Slain by a two-headed ogre

Illustrated notes

Levels and vault maps discovered:
D:        linesprint [early_d, line_temple, items_1, d_10, items_2, lair_1,
          lair_end, items_3, orc_1, orc_end, items_4, d_15, swamp_1, shoals_1,
          snake_1, spider_1, d_20, vaults_1, items_5, swamp_end, shoals_end,
          snake_end, spider_end, vaults_end, d_27, items_6, zot_1, zot_end,
          crypt_end, forest_end, elf_end, slime_end, tomb_end, abyss_end,
          pan_hell_end]

Skill      XL: |  1  2  3  4  5  6  7 |
---------------+----------------------+-----
Fighting       | 6 7 8 10 11 | 11.9
Axes           | 7 8 10 11 13 | 13.7
Armour         | |  3.2
Shields        | |  3.2

Action                   |  1- 3 |  4- 6 |  7- 9 || total
-------------------------+-------+-------+-------++-------
Melee: War axe           |    13 |    21 |       ||    34
       Broad axe         |       |    28 |     9 ||    37
 Abil: Heal Wounds       |       |     2 |       ||     2
  Use: Potion            |       |     2 |     2 ||     4
Armor: Scale mail        |     1 |     7 |       ||     8
       Chain mail        |       |     9 |     6 ||    15
Dodge: Dodged            |     2 |    20 |     5 ||    27
Block: Kite shield       |     7 |    13 |     7 ||    27

Table legend: (Time is in decaauts)
 A = Elapsed time spent in this place.
 B = Non-inter-level travel time spent in this place.
 C = Inter-level travel time spent in this place.
 D = Time resting spent in this place.
 E = Time spent auto-exploring this place.
 F = Levels seen in this place.
 G = Mean time per level.
                   A        B        C        D        E       F      G
               +--------+--------+--------+--------+--------+-----+--------+
         Total |    209 |    209 |      0 |      0 |      0 |   1 |  209.0 |
       Dungeon |    209 |    209 |      0 |      0 |      0 |   1 |  209.0 |
               +--------+--------+--------+--------+--------+-----+--------+

Top non-repeatable levels by time:
       D: 209 daAuts
